 Dungeon Crawl Stone Soup version 0.27.1-3-gb3d3a73c9e (webtiles) character file.

Game seed: 17441042968952768047

85 barney the Changer (level 4, -5/35 HPs)
             Began as a Draconian Transmuter on Oct 5, 2021.
             Slain by a gnoll (7 damage)
             ... on level 6 of the Dungeon.
             The game lasted 00:02:18 (3716 turns).

barney the Changer (Draconian Transmuter)           Turns: 3716, Time: 00:02:19

Health: -5/35      AC:  5    Str: 12    XL:     4   Next: 25%
Magic:  2/7        EV: 12    Int: 15    God:
Gold:   74         SH:  0    Dex: 11    Spells: 2/7 levels left

rFire    . . .     SeeInvis .     - Unarmed
rCold    . . .     Faith    .   (no shield)
rNeg     + . .     Spirit   .   (armour unavailable)
rPois    .         Reflect  .   (helmet restricted)
rElec    .         Harm     .   (no cloak)
rCorr    .         Rampage  .   (no gloves)
Will     .....                  (no boots)
Stlth    +.........             (no amulet)
HPRegen  0.11/turn              a - ring of positive energy
MPRegen  0.10/turn              (no ring)

@: wereblooded, very slightly contaminated
A: AC +5, unfitting armour, cold-blooded
a: no special abilities


You were on level 6 of the Dungeon.
You visited 1 branch of the dungeon, and saw 4 of its levels.

You collected 74 gold pieces.

Inventory:

Magical Staves
 b - a staff of conjuration
Jewellery
 a - a ring of positive energy (left hand)
Wands
 d - a wand of iceblast (11)
Scrolls
 g - a scroll of identify {unknown}


   Skills:
 - Level 1.1 Fighting
 - Level 1.7 Dodging
 - Level 3.0 Unarmed Combat
 - Level 2.0 Spellcasting
 + Level 4.6 Transmutations


You had 2 spell levels left.
You knew the following spells:

 Your Spells              Type           Power      Damage    Failure   Level
b - Spider Form           Tmut/Pois      4%         N/A       26%         3
c - Wereblood             Tmut           15%        N/A       4%          2

Your spell library contained the following spells:

 Spells                   Type           Power      Damage    Failure   Level
 Beastly Appendage        Tmut           30%        N/A       3%          1
 Apportation              Tloc           2%         N/A       22%         1
 Magic Dart               Conj           4%         1d3       22%         1
 Searing Ray              Conj           2%         3d3       32%         2
 Ice Form                 Ice/Tmut       8%         N/A       65%         4
 Fulminant Prism          Conj/Hex       0%         3d6       91%         4
 Alistair's Intoxication  Tmut/Pois      5%         N/A       94%         5
 Invisibility             Hex            0%         N/A       100%        6


Dungeon Overview and Level Annotations

Branches:
Dungeon (3/15)

Altars:

Shops:
D:1 *


Innate Abilities, Weirdness & Mutations

Your plain brown scales are hard. (AC +5)
You cannot fit into any form of body armour.
You are cold-blooded and may be slowed by cold attacks.


Message History

Confirm with . or Enter, or press ? or * to list all spells.
Your blood is infused with primal strength.
You feel sick. The gnoll hits you with a +0 whip.
Unknown command.
It was a potion of curing.
You feel better. The gnoll closely misses you.
A gnoll comes into view. It is wielding a +0 club.
Unknown command.
You closely miss the gnoll.
Your horns disappear.
Your talons disappear.
The gnoll shouts!
You hear a shout!
The gnoll barely misses you. The gnoll hits you with a +0 flail.
You hit the gnoll.
The gnoll is moderately wounded.
The gnoll hits you with a +0 whip.
You completely miss the gnoll. You tail-slap the gnoll.
The gnoll is heavily wounded.
The gnoll misses you. The gnoll hits you with a +0 flail.
The gnoll barely misses you.
A gnoll comes into view. It is wielding a +0 whip.
You hit the gnoll but do no damage.
The gnoll is heavily wounded.
The gnoll barely misses you. The gnoll hits you with a +0 flail.
The gnoll misses you.
A gnoll comes into view. It is wielding a +0 whip.
You barely miss the gnoll.
The gnoll is heavily wounded.
The gnoll shouts!
The gnoll closely misses you. The gnoll hits you with a +0 flail.
The gnoll hits you with a +0 whip.
You hit the gnoll.
The gnoll is heavily wounded.
The gnoll barely misses you. The gnoll closely misses you.
The gnoll hits you with a +0 whip.
* * * LOW HITPOINT WARNING * * *
You hit the gnoll but do no damage. You tail-slap the gnoll.
The gnoll is severely wounded.
The gnoll hits you with a +0 whip.
* * * LOW HITPOINT WARNING * * *
The gnoll hits you with a +0 flail!
You die...

#g ####. .....
#####.##.#####
..#......g...#
#.#.#.# #....#
#.#.#.# #....#
.#.#.#.###†...#####
>.^......'...ggg@g#
####.#####....###g#
#.#........# #gg#
..#.###....# ##.#
#### ##.### .. #..
... ######+## #.##
#..# #.......# #.#
#.# ........#


You could see 7 gnolls.

Vanquished Creatures
  4 adders
  An orc (D:3)
  2 endoplasms (D:2)
  5 giant cockroaches
  4 goblins
  4 hobgoblins
  3 jackals (D:1)
  3 quokkas
  6 ball pythons
  2 bats
  3 frilled lizards
  5 kobolds
  4 rats
46 creatures vanquished.

Notes
Turn   | Place    | Note
-------+----------+-------------------------------------------
     0 | D:1      | barney the Draconian Transmuter began the quest for the
                  | Orb.
     0 | D:1      | Reached XP level 1. HP: 16/16 MP: 3/3
   108 | D:1      | Reached XP level 2. HP: 13/23 MP: 3/5
   317 | D:1      | Found Ifas's General Store.
   490 | D:1      | Reached skill level 3 in Transmutations
  1314 | D:2      | Reached XP level 3. HP: 25/28 MP: 4/6
  1872 | D:2      | Learned a level 3 spell: Spider Form
  1875 | D:2      | Learned a level 2 spell: Wereblood
  2300 | D:2      | Reached skill level 4 in Transmutations
  2922 | D:2      | Reached XP level 4. HP: 17/35 MP: 5/7
  3659 | D:3      | You fall into a shaft and drop 3 floors!
  3716 | D:6      | Slain by a gnoll

Illustrated notes

Levels and vault maps discovered:
D:1:      shiori_arrival_elements, layout_rooms, serial_shops,
          nicolae_shop_waterfront, minmay_misc_feat_hallway, st_stairs_3,
          kennysheep_nondescript, minmay_tetromino_o2
D:2:      kennysheep_six_static_rooms, layout_loops_corners,
          minmay_misc_feat_nine_boxes, st_stairs_12, dk_noncrumbling_4
D:3:      layout_loops_cross, hellmonk_ecumenical_altar_heavens_door,
          grunt_decor_arrowhead
D:6:      black_bear_nest_1, layout_basic, roderic_batcave

Skill      XL: |  1  2  3 |
---------------+----------+-----
Transmutations | 3 4 |  4.6
Fighting       | |  1.1
Dodging        | |  1.7
Unarmed Combat | |  3.0
Spellcasting   | |  2.0

Action                   |  1- 3 |  4- 6 || total
-------------------------+-------+-------++-------
Melee: Unarmed           |   125 |    26 ||   151
       Headbutt          |     8 |     2 ||    10
       Kick              |    11 |     3 ||    14
       Tailslap          |     6 |     2 ||     8
 Cast: Beastly Appendage |    22 |     4 ||    26
       Spider Form       |     1 |       ||     1
       Wereblood         |       |     1 ||     1
  Use: Scroll            |       |     2 ||     2
       Potion            |       |     1 ||     1
 Stab: Sleeping          |     1 |       ||     1
Armor: Skin              |    55 |     7 ||    62
Dodge: Dodged            |    79 |    23 ||   102
